 Dungeon Crawl Stone Soup version 0.25-a0-279-g53730b6a6f (webtiles) character file.

Game seed: 3324248896770060270, levelgen mode: deterministic

1736 therealodie the Geomancer (level 9, -6/47 HPs)
             Began as a Gargoyle Earth Elementalist on Dec 10, 2019.
             Was a Believer of the Shining One.
             Mangled by tony01's ghost (10 damage)
             ... on level 7 of the Dungeon.
             The game lasted 00:43:08 (2758 turns).

therealodie the Geomancer (GrEE)                    Turns: 2758, Time: 00:43:08

Health: -6/47      AC: 10    Str: 14      XL:     9   Next: 5%
Magic:  9/18       EV: 12    Int: 16      God:    the Shining One [**....]
Gold:   248        SH:  0    Dex: 10 (11) Spells: 19/20 levels left

rFire    x . .     SeeInvis .   e - +0 dagger (flame)
rCold    + . .     Gourm    .   (no shield)
rNeg     + + .     Faith    .   a - +0 leather armour
rPois    ∞         Spirit   .   (no helmet)
rElec    +         Reflect  .   (no cloak)
rCorr    .         Harm     .   (no gloves)
MR       .....                  k - +0 pair of boots
Stlth    +.........             (no amulet)
HPRegen  0.15/turn              m - ring of ice
MPRegen  0.16/turn              t - ring of poison resistance

@: glowing
A: deterioration 1, negative energy resistance 1, screaming 1, electricity
resistance, unbreathing, petrification resistance, rot immunity, AC +6
a: Divine Shield, Renounce Religion


You were on level 7 of the Dungeon.
You worshipped the Shining One.
The Shining One was pleased with you.
You were not hungry.

You visited 1 branch of the dungeon, and saw 7 of its levels.

You collected 248 gold pieces.

Inventory:

Hand Weapons
 e - a +0 dagger of flaming (weapon)
 f - a +0 hunting sling
 g - a +0 short sword
 i - a +0 dagger
 r - a +0 dagger
Missiles
 b - 150 stones (quivered)
 o - 67 sling bullets
Armour
 a - a +0 leather armour (worn)
 c - a +0 robe
 h - a +0 robe
 k - a +0 pair of boots (worn)
 n - a +0 chain mail
 q - a +0 robe
 s - a +0 robe
Jewellery
 m - a ring of ice (left hand)
 t - a ring of poison resistance (right hand)
Scrolls
 p - a scroll of remove curse
 v - a scroll of fear {unknown}
 w - a scroll of identify
Potions
 j - a potion of lignification
 l - a potion of curing
 u - a potion of might
Comestibles
 d - 4 rations


   Skills:
 + Level 1.2 Fighting
 + Level 1.7 Short Blades
 + Level 1.2 Throwing
 + Level 3.1 Armour
 + Level 3.5 Dodging
 + Level 2.7 Stealth
 + Level 0.2 Unarmed Combat
 + Level 6.2 Spellcasting
   Level 0.7 Transmutations
 + Level 8.9 Earth Magic


You had 19 spell levels left.
You knew the following spells:

 Your Spells              Type           Power        Failure   Level  Hunger
a - Sandblast             Erth           ####..       1%          1    None

Your spell library contained the following spells:

 Spells                   Type           Power        Failure   Level  Hunger
 Passwall                 Tmut/Erth      ###.....     3%          2    None
 Stone Arrow              Conj/Erth      ###...       8%          3    ##.....
 Lee's Rapid Deconstruct  Erth           ####......   12%         5    #####..
 Petrify                  Tmut/Erth      ###.....     22%         4    ####...
 Static Discharge         Conj/Air       #.......     45%         3    ##.....
 Lightning Bolt           Conj/Air       #.........   99%         5    #####..
 Ignition                 Fire           #.........   100%        8    #######
 Shatter                  Erth           ####......   100%        9    #######
 Tornado                  Air            #.........   100%        9    #######


Dungeon Overview and Level Annotations

Branches:
Dungeon (7/15)
 Temple: D:4-7

Altars:
Qazlal
Uskayaw
The Shining One

Shops:
D:5 :

Annotations:
D:7 Democracy123's ghost, novice FoFi; rubinsalamander's ghost, novice DrIE; rubinsalamander's ghost, novice GrFE; tony01's ghost, novice MiFi


Innate Abilities, Weirdness & Mutations

You are resistant to torment.
Your stone body is resilient. (AC +6)
You are immune to poison.
You resist negative energy. (rN+)
You are resistant to electric shocks. (rElec)
You can survive without breathing.
You are immune to petrification.
You are immune to rotting.
Your body sometimes deteriorates upon taking damage.
You occasionally shout uncontrollably at your foes.


Message History

a +0 shortbow; 9 arrows; a centaur corpse
d - 4 rations (gained 1)
Found a scroll labeled DIMUCSI GANU.
b - 150 stones (gained 16)
You can now call upon the Shining One for a divine shield.
Rubinsalamander's ghost turns its malevolent gaze towards you.
Rubinsalamander's ghost turns its malevolent gaze towards you.
Found six items.
Found 2 scrolls of fog.
You open the gate. Democracy123's ghost hits you.
Rubinsalamander's ghost hits you but does no damage.
Found 14 gold pieces.
Rubinsalamander's ghost hits you but does no damage.
Democracy123's ghost hits you! Democracy123's ghost hits you!
* * * LOW HITPOINT WARNING * * *
Rubinsalamander's ghost casts a spell.
Tony01's ghost hits you!
You die...

.........##!P⌠P%##...........####
........##8.....8##.............+
........#$.......$#..........####
........#(.......$#..........#
........#8.......8#..........#
........#!.......?#..........#
.... ..####'''####..........# ..
.......Y.W.............#
........WW@............#
........W..............#
.......................#
..?..................
$....................
####..###..#.#.###### #...
....#.#.# #.#. ....#.#.# #######
#. . .. #


You could see an ice beast, Democracy123's ghost, 2 rubinsalamander's ghosts and
tony01's ghost.

Vanquished Creatures
  A hornet (D:7)
  A hippogriff (D:7)
  A phantom (D:7)
  4 ogres
  2 centaurs (D:7)
  A scorpion (D:6)
  6 killer bees (D:6)
  A howler monkey (D:7)
  A jelly (D:5)
  2 hounds (D:7)
  An orc wizard (D:7)
  2 iguanas
  Jessica (D:3)
  Ijyb (D:5)
  2 worker ants
  5 adders
  2 shadow imps
  An adder zombie (D:6)
  An ooze (D:4)
  3 dart slugs
  5 leopard geckos
  12 orcs
  6 bats
  4 giant cockroaches
  6 goblins
  5 hobgoblins
  12 jackals
  2 quokkas
  A ball python (D:3)
  A ball python skeleton (D:6)
  6 frilled lizards
  A jackal skeleton (D:4)
  10 kobolds
  5 rats
115 creatures vanquished.

Notes
Turn   | Place    | Note
-------+----------+-------------------------------------------
     0 | D:1      | therealodie the Gargoyle Earth Elementalist began the quest
                  | for the Orb.
     0 | D:1      | Reached XP level 1. HP: 10/10 MP: 3/3
   120 | D:1      | Reached skill level 4 in Earth Magic
   120 | D:1      | Reached XP level 2. HP: 12/15 MP: 0/5
   316 | D:2      | Reached XP level 3. HP: 19/19 MP: 3/6
   466 | D:2      | Found a glowing golden altar of the Shining One.
   472 | D:2      | Became a worshipper of the Shining One
   680 | D:2      | Gained mutation: You occasionally shout uncontrollably at
                  | your foes. [mutagenic glow]
   755 | D:2      | Gained mutation: Your body sometimes deteriorates upon
                  | taking damage. [mutagenic glow]
   906 | D:3      | Reached XP level 4. HP: 21/24 MP: 8/8
  1010 | D:3      | Noticed Jessica
  1035 | D:3      | Killed Jessica
  1035 | D:3      | Reached skill level 1 in Armour
  1165 | D:3      | Reached skill level 1 in Short Blades
  1206 | D:3      | Reached * piety under the Shining One
  1225 | D:3      | Reached XP level 5. HP: 16/28 MP: 4/9
  1608 | D:4      | You fall into a shaft and drop 1 floor!
  1608 | D:5      | Entered Level 5 of the Dungeon
  1608 | D:5      | Noticed an ogre
  1621 | D:5      | Killed an ogre
  1621 | D:5      | Reached skill level 5 in Earth Magic
  1621 | D:5      | Reached XP level 6. HP: 17/33 MP: 6/11
  1696 | D:5      | Found Seibbic's Book Emporium.
  1846 | D:5      | Noticed Ijyb
  1858 | D:5      | Killed Ijyb
  1874 | D:5      | Reached skill level 6 in Earth Magic
  1982 | D:6      | Reached skill level 1 in Fighting
  1982 | D:6      | Reached XP level 7. HP: 38/38 MP: 8/12
  2061 | D:6      | Identified a scroll of acquirement
  2114 | D:6      | Reached skill level 1 in Throwing
  2142 | D:6      | HP: 1/38 [killer bee (4)]
  2144 | D:6      | Reached skill level 7 in Earth Magic
  2256 | D:6      | Reached XP level 8. HP: 29/43 MP: 5/14
  2547 | D:7      | Found a hide-covered altar of Uskayaw.
  2597 | D:7      | Found a stormy altar of Qazlal.
  2610 | D:7      | Noticed a hippogriff
  2617 | D:7      | Killed a hippogriff
  2617 | D:7      | Reached skill level 5 in Spellcasting
  2617 | D:7      | Reached skill level 8 in Earth Magic
  2705 | D:7      | Noticed a hornet
  2713 | D:7      | Killed a hornet
  2716 | D:7      | Reached XP level 9. HP: 23/47 MP: 3/18
  2749 | D:7      | Found a runed translucent gate.
  2749 | D:7      | Found a runed translucent gate.
  2749 | D:7      | Found a runed translucent gate.
  2749 | D:7      | Noticed rubinsalamander's ghost (novice GrFE)
  2749 | D:7      | Reached ** piety under the Shining One
  2749 | D:7      | Noticed Democracy123's ghost (novice FoFi)
  2750 | D:7      | Noticed rubinsalamander's ghost (novice DrIE)
  2750 | D:7      | Noticed tony01's ghost (novice MiFi)
  2758 | D:7      | Mangled by tony01's ghost

Levels and vault maps discovered:
D:1:      tarquinn_simple_flora_water_e, layout_rooms
D:2:      layout_basic, marbit_many_paths
D:3:      layout_basic, uniq_jessica
D:4:      layout_loops_cross, first_ration, minivault_1, uniq_blork_the_orc
D:5:      layout_cave_pools, lemuel_blue_sif_altar, serial_shops, shop,
          uniq_ijyb
D:6:      layout_basic, nicolae_overflow_crystal_walls
D:7:      layout_basic, nicolae_overflow_hidden_temple,
          lemuel_temple_firewalk_a, gammafunk_ghost_cemetery,
          grunt_qazlal_clouds

Skill      XL: |  1  2  3  4  5  6  7  8 |
---------------+-------------------------+-----
Earth Magic    | 4 5 6 7 8 |  8.9
Dodging        | 2 3 |  3.5
Armour         | 1 2 3 |  3.1
Short Blades   | 1 |  1.7
Spellcasting   | 3 4 6 |  6.2
Fighting       | 1 |  1.2
Throwing       | 1 |  1.2
Stealth        | |  2.7
Unarmed Combat | |  0.2
Transmutations | |  0.7

Action                   |  1- 3 |  4- 6 |  7- 9 || total
-------------------------+-------+-------+-------++-------
Melee: Dagger            |   160 |   135 |    31 ||   326
       Unarmed           |       |    10 |       ||    10
 Fire: Hunting sling     |     1 |       |       ||     1
Throw: Stone             |     2 |     4 |     3 ||     9
 Cast: Sandblast         |    25 |    51 |    72 ||   148
  Use: Scroll            |     5 |     4 |     3 ||    12
       Potion            |     3 |     5 |     2 ||    10
 Stab: Sleeping          |     1 |       |       ||     1
  Eat: Ration            |     1 |     1 |       ||     2
Armor: Robe              |    24 |       |       ||    24
       Chain mail        |   195 |    22 |       ||   217
       Leather armour    |       |    92 |    40 ||   132
       Skin              |       |     3 |       ||     3
Dodge: Dodged            |   117 |   160 |    60 ||   337

Table legend:
 A = Non-vault XP
 B = Vault XP
 C = Vault XP percentage of total XP
 D = Non-vault monster count
 E = Vault monster count
 F = Vault count percentage of total count
                 A         B        C        D         E       F
            +---------+---------+-------+---------+---------+-------
      Total |    2406 |      75 |   3.0 |     112 |       3 |   2.6
            +---------+---------+-------+---------+---------+-------
        D:1 |      30 |       0 |   0.0 |      19 |       0 |   0.0
        D:2 |      43 |       2 |   4.4 |      17 |       1 |   5.6
        D:3 |      69 |      37 |  34.9 |      27 |       1 |   3.6
        D:4 |      66 |       0 |   0.0 |       6 |       0 |   0.0
        D:5 |     308 |      36 |  10.5 |      11 |       1 |   8.3
        D:6 |     660 |       0 |   0.0 |      17 |       0 |   0.0
        D:7 |    1230 |       0 |   0.0 |      15 |       0 |   0.0
            +---------+---------+-------+---------+---------+-------
